 Dungeon Crawl Stone Soup version 0.18.0-1-g0107ab7 (webtiles) character file.

194273 Wooh the Slayer (level 17, -6/259 HPs)
             Began as a Yellow Draconian Fighter on May 5, 2016.
             Was a High Priest of Trog.
             Mangled by a guardian serpent (15 damage)
             ... on level 2 of the Snake Pit.
             The game lasted 03:35:18 (34670 turns).

Wooh the Slayer (Yellow Draconian Fighter)         Turns: 34670, Time: 03:35:20

Health: -6/259     AC: 13    Str: 31    XL:     17   Next: 67%
Magic:  26/26      EV: 20    Int: 13    God:    Trog [*****.]
Gold:   3711       SH: 15    Dex: 16    Spells: 0 memorised, 16 levels left

rFire  + + +     SeeInvis .     a - +11 rapier of Theory {flame, rF++ MP+9}
rCold  . . .     Gourm    .     (armour unavailable)
rNeg   . . .     Faith    .     L - +1 shield
rPois  +         Spirit   .     (helmet restricted)
rElec  .         Dismiss  .     W - +0 cloak {rPois}
rCorr  +         Reflect  .     B - +0 pair of gloves of the Oligarchy {rPois MR+ Str+4 Int+3}
SustAt .         Harm     .     y - +1 pair of boots {rF+}
MR     +++++                    q - amulet of regeneration
Stlth  ..........               w - ring of protection from magic
                                l - +3 ring of strength

@: berserking (expiring), lethally poisoned (-6 -> -7), regenerating,
constricted, very quick, almost entirely resistant to hostile enchantments,
extremely unstealthy
A: spit acid, acid resistance, unfitting armour, fangs 1, hooves 1, horns 1,
stinger 1, acidic bite, cold-blooded, AC +9
a: Spit Acid, Berserk, Trog's Hand, Brothers in Arms, Burn Spellbooks, Renounce
Religion
}: 1/15 runes: decaying


You were on level 2 of the Snake Pit.
You worshipped Trog.
Trog was extremely pleased with you.
You were not hungry.

You visited 7 branches of the dungeon, and saw 33 of its levels.
You also visited: Labyrinth, Ice Cave and Volcano.

You collected 3711 gold pieces.

Inventory:

Hand Weapons
 a - the +11 rapier of Theory (weapon) {flame, rF++ MP+9}
   (You found it on level 7 of the Dungeon)

   It has been specially enchanted to burn those struck by it, causing extra
   injury to most foes and up to half again as much damage against particularly
   susceptible opponents.
   It greatly protects you from fire.
   It affects your magic capacity (+9).
 b - the +7 hand crossbow "Draconian's Regret" {penet, rElec MR++}
   (You found it on level 5 of the Lair of Beasts)

   Ammo fired by it will pass through the targets it hits, potentially hitting
   all targets in its path until it reaches maximum range.
   It insulates you from electricity.
   It affects your resistance to hostile enchantments.
Missiles
 T - 323 bolts
Armour
 y - a +1 pair of boots of fire resistance (worn)
 B - the +0 pair of gloves of the Oligarchy (worn) {rPois MR+ Str+4 Int+3}
   (You acquired it on level 3 of the Swamp)

   It affects your strength (+4).
   It affects your intelligence (+3).
   It protects you from poison.
   It affects your resistance to hostile enchantments.
 L - a +1 shield (worn)
 W - a +0 cloak of poison resistance (worn)
Jewellery
 k - an uncursed ring of flight
 l - a +3 ring of strength (left hand)
 q - an amulet of regeneration (around neck)
 w - a ring of protection from magic (right hand)
Wands
 o - a wand of disintegration (13/24)
 r - a wand of digging (7/24)
 s - a wand of teleportation (2/9)
 v - a wand of confusion (15/48)
 I - a wand of paralysis (14/24)
Scrolls
 e - 2 scrolls of identify
 p - 11 scrolls of remove curse
 u - 7 scrolls of magic mapping
 x - 9 scrolls of teleportation
 z - 4 scrolls of blinking
 D - 3 scrolls of recharging
 G - 5 scrolls of fear
 M - a scroll of enchant armour
 Q - a scroll of summoning
 U - 2 scrolls of enchant weapon
Potions
 c - 4 potions of might
 g - a potion of invisibility
 j - 7 potions of agility
 n - 8 potions of lignification
 t - 8 potions of curing
 A - a potion of resistance
 C - a potion of magic
 F - 2 potions of ambrosia
 H - 6 potions of cancellation
 N - a potion of brilliance {unknown}
 S - 4 potions of haste
Books
 h - an Akashic Record

   Spells                             Type                      Level
   a - Dispersal                      Translocation                6
   b - Malign Gateway                 Summoning/Translocation      7
   c - Disjunction                    Translocation                8
   d - Controlled Blink               Translocation                8
   Trog disapproves of the use of such an item.
 i - a book of Callings

   Spells                             Type                      Level
   a - Summon Small Mammal            Summoning                    1
   b - Call Imp                       Summoning                    2
   c - Call Canine Familiar           Summoning                    3
   d - Summon Guardian Golem          Hexes/Summoning              3
   e - Summon Lightning Spire         Summoning/Air                4
   f - Summon Ice Beast               Ice/Summoning                4
   Trog disapproves of the use of such an item.
 K - a book of the Tempests

   Spells                             Type                      Level
   a - Static Discharge               Conjuration/Air              3
   b - Lightning Bolt                 Conjuration/Air              5
   c - Fireball                       Conjuration/Fire             5
   d - Tornado                        Air                          9
   e - Shatter                        Earth                        9
   Trog disapproves of the use of such an item.
 O - a book of Alchemy

   Spells                             Type                      Level
   a - Sublimation of Blood           Necromancy                   2
   b - Ignite Poison                  Fire/Transmutation/Poison    3
   c - Petrify                        Transmutation/Earth          4
   d - Alistair's Intoxication        Transmutation/Poison         5
   e - Irradiate                      Conjuration/Transmutation    5
   Trog disapproves of the use of such an item.
 P - a Grand Grimoire

   Spells                             Type                      Level
   a - Monstrous Menagerie            Summoning                    7
   b - Summon Greater Demon           Summoning                    7
   c - Malign Gateway                 Summoning/Translocation      7
   d - Summon Horrible Things         Summoning                    8
   Trog disapproves of the use of such an item.
Miscellaneous
 J - a lamp of fire (inert)
 X - a box of beasts
Comestibles
 d - 15 bread rations
 f - 22 fruits


   Skills:
 - Level 21.1 Fighting
 - Level 12.2 Short Blades
   Level 2.8 Maces & Flails
 - Level 6.0 Crossbows
 + Level 15.3 Dodging
 - Level 12.8 Shields


You had 16 spell levels left.
You didn't know any spells.

Dungeon Overview and Level Annotations

Branches:
Dungeon (15/15)            Temple (1/1) D:6            Lair (8/8) D:10
  Swamp (4/4) Lair:3        Snake (2/4) Lair:5        Slime (0/6) Lair:6
    Orc (2/2) D:9             Elf (1/3) Orc:2        Vaults (0/5) D:14
 Depths (0/5) D:15

Altars:
Ashenzari
Cheibriados
Dithmenos
Elyvilon
Fedhas
Gozag
Kikubaaqudgha
Makhleb
Nemelex Xobeh
Okawaru
Pakellas
Qazlal
Ru
Sif Muna
Trog
Vehumet
Xom
Yredelemnul
Zin
The Shining One
Jiyva

Shops:
D:7 *   D:9 (   D:13 }   Orc:2 *:?%


Innate Abilities, Weirdness & Mutations

You can spit globs of acid.
You are resistant to acid.
Your golden yellow scales are hard (AC +9).
Your body does not fit into most forms of armour.
You have acidic saliva.
You are cold-blooded and may be slowed by cold attacks.
You have very sharp teeth.
You have large cloven feet.
You have a pair of small horns on your head.
Your tail ends in a poisonous barb.


Message History

You have got your breath back.
You feel sick. The guardian serpent hits you.
* * * LOW HITPOINT WARNING * * *
You block the guardian serpent's attack.
The guardian serpent hits you!
* * * LOW HITPOINT WARNING * * *
You are too berserk!
There isn't anything here!
You are too berserk!
You are too berserk!
You are too berserk!
Unknown command.
You puncture the greater naga! You burn the greater naga.
You kill the greater naga!
Trog accepts your kill.
Trog appreciates your killing of a magic user.
You feel sick.
The guardian serpent closely misses you.
The guardian serpent hits you!
You die...

...............
................
................[
.................
................#
...............#
.........SSN.$.#
..(......)@S...#
.........S##<)....
#.##.....###......
#.###...##..##...
##.....#...# ..
#.....###.## .
###......##
###.##..###
####....#


You could see a greater naga and 4 guardian serpents.

Vanquished Creatures
  Vashnia (Snake:2)
  A bone dragon (Swamp:4)
  Rupert (D:14)
  Kirke (Swamp:2)
  5 thorn hunters
  A greater naga (Snake:2)
  A fire giant (D:15)
  Aizul (Snake:2)
  An orc warlord (Orc:1)
  The ghost of Tarnath the Slicer, a journeyman SpEn of Dithmenos (Snake:1)
  Nessos (D:15)
  A white draconian (IceCv)
  A minotaur (Lab)
  An ice dragon (Lair:8)
  9 hydras
  2 naga warriors
  An anaconda (Snake:1)
  4 ghost crabs
  A death knight (D:14)
  5 centaur warriors
  2 catoblepae
  4 alligators
  Urug (D:15)
  2 ogre magi (Orc:2)
  4 dancing weapons (Elf:1)
  8 naga sharpshooters
  An orc high priest (Orc:1)
  Nergalle (Lair:3)
  2 deep elf knights (Elf:1)
  3 skeletal warriors (D:14)
  A salamander mystic (Volcano)
  3 swamp dragons
  2 spriggan druids (Swamp:3)
  2 deep trolls
  7 shambling mangroves
  3 unseen horrors
  2 spectral hydras (Swamp:4)
  3 mana vipers
  9 hill giants
  A statue (Volcano)
  A necromancer (D:14)
  An orc sorcerer (Orc:1)
  2 lindwurms
  6 deep elf magi
  2 griffons
  2 orc knights (Orc:1)
  5 cyclopes
  A manticore (D:14)
  An oklob plant (Swamp:4)
  7 salamanders
  A hornet (Swamp:2)
  3 ugly things
  11 black mambas
  3 centaur zombies
  17 elephants
  6 torpor snails (Lair:8)
  An ice statue (IceCv)
  6 naga magi
  2 gargoyles
  18 spiny frogs
  14 komodo dragons
  4 swamp worm zombies (Swamp:4)
  A kobold demonologist (D:11)
  2 efreet
  2 rime drakes
  3 hydra zombies (Swamp:4)
  A jumping spider (shapeshifter) (Elf:1)
  11 giant leeches
  13 trolls
  Grinder (D:3)
  31 polar bears
  25 slime creatures
  A minotaur skeleton (Lab)
  11 bog bodies
  7 two-headed ogres
  4 blink frogs
  3 spectral swamp dragons (Swamp:4)
  3 raiju (Lair:8)
  3 alligator zombies (Swamp:4)
  A redback (Lab)
  A vampire (D:15)
  3 shadows
  6 spriggans
  4 wyverns
  83 yaks
  A wraith (D:14)
  11 hippogriffs
  2 fire bats (Volcano)
  4 basilisks
  9 vampire mosquitoes
  3 hungry ghosts
  15 wargs
  2 steam dragons
  12 swamp worms
  A mottled dragon (D:14)
  9 nagas
  11 water moccasins
  7 insubstantial wisps
  5 hell hounds (Lair:8)
  14 porcupines
  9 swamp drakes
  9 sky beasts
  3 swamp dragon zombies (Swamp:4)
  2 ice beasts
  20 orc warriors
  14 black bears
  13 wasps
  8 phantoms
  23 ogres
  4 boggarts (D:14)
  8 centaurs
  30 wolves
  14 crocodiles
  2 big kobolds
  21 giant frogs
  A wyvern zombie (D:14)
  A gnoll sergeant (D:12)
  10 scorpions
  A troll skeleton (Lab)
  A spriggan skeleton (Lab)
  23 wights
  4 howler monkeys
  11 lava snakes
  5 crimson imps
  15 hounds
  A quasit (D:8)
  A gnoll shaman (D:9)
  6 jellies
  19 orc priests
  8 centaur skeletons
  16 orc wizards
  Ijyb (D:3)
  12 iguanas
  2 spectral swamp drakes (Swamp:4)
  8 worker ants
  13 sheep
  An ogre skeleton (Lab)
  A hound zombie (D:5)
  2 worker ant zombies
  12 adders
  15 gnolls
  68 river rats
  4 shadow imps
  12 white imps (Lair:8)
  3 oozes
  An adder zombie (D:5)
  20 worms
  4 dart slugs
  A giant gecko (D:6)
  71 orcs
  A ball python (D:3)
  10 giant cockroaches
  9 goblins
  5 hobgoblins
  14 jackals
  A quokka (D:4)
  5 bats
  A giant gecko skeleton (D:4)
  A giant gecko zombie (D:5)
  4 giant newts
  18 kobolds
  A quokka skeleton (D:4)
  A quokka zombie (D:7)
  11 rats
  2 briar patches (Swamp:4)
  3 fungi
  3 plants (Lair:8)
1185 creatures vanquished.

Vanquished Creatures (collateral kills)
  Louise (Swamp:1)
  2 hydras
  3 spriggans (Swamp:1)
  A spectral hydra (Swamp:4)
  A torpor snail (Lair:8)
  A hydra zombie (Swamp:4)
  A giant leech (Lair:8)
  An alligator zombie (Swamp:4)
  A hog (Swamp:2)
  4 insubstantial wisps (Swamp:4)
  4 wasps
  3 worms (Lair:8)
23 creatures vanquished.

Vanquished Creatures (others)
  2 humans (Swamp:2)
  A swamp worm (Swamp:3)
  An orc (Orc:1)
  4 briar patches
  18 fungi
  25 plants
51 creatures vanquished.

Grand Total: 1259 creatures vanquished

Notes
Turn   | Place    | Note
--------------------------------------------------------------
     0 | D:1      | Wooh the Draconian Fighter began the quest for the Orb.
     0 | D:1      | Reached XP level 1. HP: 19/19 MP: 1/1
    81 | D:1      | Reached XP level 2. HP: 27/27 MP: 2/2
   167 | D:1      | Reached skill level 4 in Fighting
   458 | D:1      | Reached XP level 3. HP: 31/33 MP: 3/3
  1201 | D:2      | Gained mutation: You have a pair of small horns on your head. [potion of beneficial mutation]
  1203 | D:2      | Gained mutation: You have very sharp teeth. [potion of mutation]
  1203 | D:2      | Gained mutation: You have large cloven feet. [potion of mutation]
  1203 | D:2      | Gained mutation: Your tail ends in a poisonous barb. [potion of mutation]
  1304 | D:2      | Reached XP level 4. HP: 40/41 MP: 4/4
  1435 | D:2      | Reached skill level 5 in Fighting
  1724 | D:3      | Noticed Ijyb
  1733 | D:3      | Killed Ijyb
  1740 | D:3      | Reached XP level 5. HP: 35/50 MP: 5/5
  1778 | D:3      | Noticed Grinder
  1785 | D:3      | Paralysed by Grinder for 4 turns
  1793 | D:3      | Killed Grinder
  1793 | D:3      | Reached skill level 7 in Fighting
  1793 | D:3      | Reached XP level 6. HP: 57/60 MP: 6/6
  1856 | D:3      | Found a shimmering altar of Xom.
  1856 | D:3      | Found a shimmering altar of Xom.
  1856 | D:3      | Found a shimmering altar of Xom.
  1856 | D:3      | Found a shimmering altar of Xom.
  1880 | D:3      | Reached skill level 8 in Fighting
  2000 | D:3      | Found a shimmering altar of Xom.
  2036 | D:3      | You fall through a shaft for 2 floors!
  2036 | D:5      | Entered Level 5 of the Dungeon
  2042 | D:5      | Your scales start taking on a golden yellow colour.
  2042 | D:5      | Reached XP level 7. HP: 47/69 MP: 7/7
  3017 | D:4      | Reached skill level 5 in Shields
  3708 | D:5      | Reached XP level 8. HP: 56/75 MP: 8/8
  3815 | D:5      | Reached skill level 5 in Dodging
  3858 | D:5      | Found a snail-covered altar of Cheibriados.
  3859 | D:5      | Found a sacrificial altar of Ru.
  3862 | D:5      | Found a white marble altar of Elyvilon.
  3864 | D:5      | Found a stormy altar of Qazlal.
  3865 | D:5      | Found a shattered altar of Ashenzari.
  4865 | D:6      | Found a staircase to the Ecumenical Temple.
  4971 | Temple   | Entered the Ecumenical Temple
  5014 | Temple   | Became a worshipper of Trog the Wrathful
  5325 | D:7      | Found Qadd's Assorted Antiques.
  5686 | D:7      | Found an ancient bone altar of Kikubaaqudgha.
  5687 | D:7      | Found a blossoming altar of Fedhas.
  5775 | D:7      | Reached XP level 9. HP: 79/82 MP: 9/9
  5965 | D:7      | Got a faintly glowing rapier
  5966 | D:7      | Identified the +11 rapier of Theory {flame, rF++ MP+9} (You found it on level 7 of the Dungeon)
  6478 | D:8      | Reached skill level 1 in Short Blades
  6825 | D:9      | Reached * piety under Trog
  6834 | D:9      | Noticed a six-headed hydra
  6938 | D:9      | Reached skill level 5 in Short Blades
  7219 | D:9      | Found a staircase to the Orcish Mines.
  7240 | D:9      | Found Kuisag's Antique Weapon Shop.
  7264 | D:9      | Reached ** piety under Trog
  7266 | D:9      | Reached XP level 10. HP: 85/90 MP: 10/10
  7392 | D:9      | Found a deep blue altar of Sif Muna.
  7581 | D:10     | Entered Level 10 of the Dungeon
  7720 | D:10     | Found a staircase to the Lair.
  7771 | D:10     | Got a scorched glaive
  7781 | D:10     | Identified the +6 glaive of Wyrumiup {flame, +Inv rPois MP-9} (You found it on level 10 of the Dungeon)
  7861 | D:10     | Noticed a deep elf mage
  7891 | D:10     | Killed a deep elf mage
  7891 | D:10     | Reached skill level 10 in Dodging
  8716 | Lair:1   | Entered Level 1 of the Lair of Beasts
  8865 | Lair:1   | Noticed a spiny frog
  8872 | Lair:1   | Killed a spiny frog
  9296 | Lair:1   | Reached *** piety under Trog
  9333 | Lair:1   | Reached XP level 11. HP: 79/95 MP: 11/11
  9914 | Lair:2   | Reached skill level 10 in Shields
 10163 | Lair:2   | Reached **** piety under Trog
 10443 | Lair:2   | Noticed a seven-headed hydra
 10552 | Lair:2   | Killed a seven-headed hydra
 11002 | Lair:3   | Found a dark tunnel.
 11007 | Volcano  | Entered a volcano
 11162 | Volcano  | Noticed a salamander mystic
 11183 | Volcano  | Killed a salamander mystic
 11189 | Volcano  | Reached XP level 12. HP: 39/103 MP: 12/12
 11194 | Volcano  | Found a radiant altar of Vehumet.
 11415 | Lair:3   | Found a staircase to the Swamp.
 11753 | Lair:3   | Reached skill level 9 in Fighting
 11782 | Lair:3   | Noticed Nergalle
 11805 | Lair:3   | Killed Nergalle
 12214 | Lair:4   | Reached skill level 10 in Fighting
 12593 | Lair:4   | Reached skill level 11 in Fighting
 13111 | Lair:5   | Found a staircase to the Snake Pit.
 13120 | Lair:5   | Reached skill level 12 in Fighting
 13397 | Lair:5   | Got a scorched hand crossbow
 13398 | Lair:5   | Identified the +7 hand crossbow "Draconian's Regret" {penet, rElec MR++} (You found it on level 5 of the Lair of Beasts)
 13618 | Lair:6   | Noticed a catoblepas
 13634 | Lair:6   | Killed a catoblepas
 13634 | Lair:6   | Reached skill level 13 in Fighting
 13671 | Lair:6   | Reached XP level 13. HP: 118/122 MP: 13/13
 14176 | Lair:6   | Found a viscous altar of Jiyva.
 14176 | Lair:6   | Found a staircase to the Slime Pits.
 14234 | Lair:6   | Reached ***** piety under Trog
 14265 | Lair:7   | Reached skill level 14 in Fighting
 14790 | Lair:7   | Reached skill level 15 in Fighting
 15323 | Lair:8   | Entered Level 8 of the Lair of Beasts
 15392 | Lair:7   | Received a gift from Trog
 15491 | Lair:8   | Found a frozen archway.
 15529 | IceCv    | Entered an ice cave
 15681 | IceCv    | Reached skill level 16 in Fighting
 16274 | IceCv    | Gained mutation: You have acidic saliva. [Yellow Draconian growth]
 16274 | IceCv    | Reached XP level 14. HP: 134/138 MP: 14/14
 16313 | IceCv    | Reached skill level 17 in Fighting
 16350 | IceCv    | Received a gift from Trog
 16962 | Lair:8   | Received a gift from Trog
 17244 | Lair:8   | Reached skill level 18 in Fighting
 17759 | Lair:8   | Found a runed door.
 18130 | Lair:8   | Received a gift from Trog
 18363 | Lair:8   | Reached skill level 19 in Fighting
 18620 | Orc:1    | Entered Level 1 of the Orcish Mines
 19000 | Orc:2    | Entered Level 2 of the Orcish Mines
 19065 | Orc:2    | Reached skill level 1 in Crossbows
 19302 | Orc:2    | Received a gift from Trog
 19376 | Orc:2    | Found Yzismes's Food Emporium.
 19398 | Orc:2    | Noticed an orc warlord
 19520 | Orc:1    | Reached ****** piety under Trog
 19520 | Orc:1    | Received a gift from Trog
 19674 | Orc:2    | Found Didyesamm's Magic Scroll Shop.
 19704 | Orc:1    | Reached XP level 15. HP: 142/152 MP: 14/15
 19799 | Orc:2    | Found Mumavoc's Book Shoppe.
 19800 | Orc:2    | Found Ocrabb's General Store.
 19872 | Orc:1    | Killed an orc warlord
 20263 | Orc:2    | Received a gift from Trog
 20675 | Orc:2    | Found a staircase to the Elven Halls.
 20946 | Elf:1    | Entered Level 1 of the Elven Halls
 20987 | Elf:1    | Reached skill level 5 in Crossbows
 21161 | Elf:1    | Found a radiant altar of Vehumet.
 21410 | Swamp:1  | Entered Level 1 of the Swamp
 21480 | Swamp:1  | Noticed Louise
 21500 | Swamp:1  | Killed Louise
 22402 | Swamp:2  | Received a gift from Trog
 22489 | Swamp:2  | Noticed Kirke
 22510 | Swamp:2  | Killed Kirke
 22835 | Swamp:2  | Noticed a thorn hunter
 22855 | Swamp:2  | Killed a thorn hunter
 23031 | Swamp:2  | Noticed a thorn hunter
 23043 | Swamp:2  | Killed a thorn hunter
 23939 | Swamp:3  | Identified a scroll of acquirement
 23944 | Swamp:3  | Got a pair of warped gloves
 23950 | Swamp:3  | Identified the +0 pair of gloves of the Oligarchy {rPois MR+ Str+4 Int+3} (You acquired it on level 3 of the Swamp)
 24016 | Swamp:3  | Noticed a thorn hunter
 24029 | Swamp:3  | Killed a thorn hunter
 24172 | Swamp:3  | Reached XP level 16. HP: 126/160 MP: 16/16
 24800 | Swamp:4  | Entered Level 4 of the Swamp
 24847 | Swamp:4  | Received a gift from Trog
 25050 | Swamp:4  | Noticed a thorn hunter
 25063 | Swamp:4  | Killed a thorn hunter
 25265 | Swamp:4  | Reached skill level 10 in Short Blades
 26230 | Swamp:4  | Noticed a bone dragon
 26252 | Swamp:4  | Killed a bone dragon
 26390 | Swamp:4  | Got a decaying rune of Zot
 26460 | Swamp:4  | Noticed a thorn hunter
 26468 | Swamp:4  | Killed a thorn hunter
 28038 | D:12     | Found a labyrinth entrance.
 28065 | Lab      | Entered a labyrinth
 28928 | Lab      | Identified the Tome of Poisoning and Flight
 29196 | D:12     | Received a gift from Trog
 29830 | D:13     | Reached skill level 20 in Fighting
 29991 | D:13     | Found Ujeu's Gadget Boutique.
 30876 | D:14     | Noticed Rupert
 30887 | D:14     | Killed Rupert
 30887 | D:14     | Reached XP level 17. HP: 166/170 MP: 17/17
 31242 | D:14     | Received a gift from Trog
 31294 | D:14     | Found a gate to the Vaults.
 31632 | D:15     | Entered Level 15 of the Dungeon
 31675 | D:15     | Noticed Nessos
 31693 | D:15     | Killed Nessos
 31805 | D:15     | Found a staircase to the Depths.
 31859 | D:15     | Reached skill level 21 in Fighting
 32430 | D:15     | Found a blossoming altar of Fedhas.
 32479 | D:15     | Noticed Urug
 32494 | D:15     | Killed Urug
 32753 | Snake:1  | Entered Level 1 of the Snake Pit
 33173 | Snake:1  | Noticed Tarnath's ghost (journeyman SpEn)
 33185 | Snake:1  | Killed Tarnath's ghost
 34036 | Snake:2  | Noticed Vashnia
 34063 | Snake:2  | Killed Vashnia
 34069 | Snake:2  | Received a gift from Trog
 34101 | Snake:2  | HP: 8/173 [naga sharpshooter/uncursed mace[Vashnia] (4)]
 34107 | Snake:2  | Reached skill level 15 in Dodging
 34591 | Snake:2  | Found a blossoming altar of Fedhas.
 34652 | Snake:2  | Noticed Aizul
 34666 | Snake:2  | Killed Aizul
 34669 | Snake:2  | HP: 9/259 [guardian serpent (14)]
 34670 | Snake:2  | Mangled by a guardian serpent

Skill      XL: |  1  2  3  4  5  6  7  8  9 10 11 12 13 14 15 16 17 |
---------------+----------------------------------------------------+-----
Fighting       | 4 5 7 8 13 16 19 20 21 | 21.1
Shields        | 5 7 12 | 12.8
Dodging        | 4 7 9 11 13 15 | 15.3
Short Blades   | 6 9 12 | 12.2
Crossbows      | 3 6 |  6.0
Maces & Flails | |  2.8

Action                   |  1- 3 |  4- 6 |  7- 9 | 10-12 | 13-15 | 16-18 || total
-------------------------+-------+-------+-------+-------+-------+-------++-------
Melee: Flail             |   153 |    94 |    26 |       |       |       ||   273
       Tailslap          |    25 |    18 |    60 |   112 |   330 |   213 ||   758
       Whip              |     6 |       |   128 |       |       |       ||   134
       Kick              |     3 |    32 |   103 |   105 |       |       ||   243
       Headbutt          |     1 |    19 |    67 |   130 |   415 |   308 ||   940
       Bite              |       |     5 |    52 |    87 |   246 |   174 ||   564
       War axe           |       |       |    54 |       |       |       ||    54
       Quarterstaff      |       |       |    25 |       |       |       ||    25
       Hand axe          |       |       |    16 |       |       |       ||    16
       Rapier            |       |       |   112 |   599 |  1764 |   994 ||  3469
 Fire: Hand crossbow     |       |       |       |       |    88 |    45 ||   133
Throw: Tomahawk          |       |       |       |     7 |       |       ||     7
Invok: Burn Spellbooks   |       |       |       |     2 |     2 |     4 ||     8
       Berserk           |       |       |       |     6 |     8 |     8 ||    22
       Trog's Hand       |       |       |       |     4 |     9 |     9 ||    22
       Brothers in Arms  |       |       |       |     1 |     6 |     3 ||    10
 Abil: Spit Acid         |       |       |    23 |    50 |    95 |    56 ||   224
Evoke: Wand              |       |       |       |       |       |     2 ||     2
       Lamp of fire      |       |       |       |       |       |     1 ||     1
  Use: Scroll            |     8 |     1 |       |    19 |    12 |     5 ||    45
       Potion            |     2 |     1 |       |     2 |       |     3 ||     8
 Stab: Sleeping          |     1 |       |     1 |     3 |     1 |     2 ||     8
       Distracted        |       |       |       |       |     1 |     2 ||     3
       Confused          |       |       |       |       |       |     1 ||     1
  Eat: Chunk             |     2 |     3 |    21 |    30 |    56 |    27 ||   139
       Meat ration       |       |       |       |     1 |     1 |     1 ||     3
       Fruit             |       |       |       |     3 |       |     4 ||     7
       Bread ration      |       |       |       |       |     1 |     4 ||     5
       Royal jelly       |       |       |       |       |       |     1 ||     1
       Beef jerky        |       |       |       |       |       |     1 ||     1
Armor: Skin              |    64 |    29 |    89 |    68 |   299 |   132 ||   681
Dodge: Dodged            |    80 |    34 |   161 |   259 |  1202 |   435 ||  2171
Block: Shield            |    82 |    45 |   192 |   351 |  1200 |   537 ||  2407
